 Dungeon Crawl Stone Soup version 0.19.4-12-gccf7e64 (webtiles) character file.

925 Morrissey the Archer (level 7, -2/62 HPs)
             Began as a Centaur Hunter on Feb 27, 2017.
             Was a Follower of Trog.
             Slain by a hornet (3 damage)
             ... on level 5 of the Dungeon.
             The game lasted 00:09:27 (4114 turns).

Morrissey the Archer (Centaur Hunter)               Turns: 4114, Time: 00:09:28

Health: -2/62      AC: 10    Str: 14      XL:     7   Next: 84%
Magic:  7/7        EV:  4    Int: 10      God:    Trog [*.....]
Gold:   244        SH:  0    Dex: 11 (12) Spells: 0 memorised, 6 levels left

rFire  . . .     SeeInvis .     b - +0 spear
rCold  . . .     Gourm    .     B - +0 chain mail
rNeg   . . .     Faith    .     (no shield)
rPois  +         Spirit   .     (no helmet)
rElec  +         Reflect  .     z - +1 cloak "Xusiel" {rElec}
rCorr  .         Harm     .     (no gloves)
MR     .....                    (no barding)
Stlth  ..........               (no amulet)
                                F - ring of poison resistance
                                e - ring of flight

@: lethally poisoned (-2 -> -9), very slightly contaminated, invisible, very
quick
A: hooves 3, deformed body, speed 2, tough skin 3
a: Berserk, Burn Spellbooks, Renounce Religion, Evoke Flight


You were on level 5 of the Dungeon.
You worshipped Trog.
Trog was aware of your devotion.
You were hungry.

You visited 1 branch of the dungeon, and saw 6 of its levels.

You collected 244 gold pieces.

Inventory:

Hand Weapons
 a - a +1 shortbow
 b - a +0 spear (weapon)
 y - a +0 short sword
Missiles
 d - 15 arrows
Armour
 z - the +1 cloak "Xusiel" (worn) {rElec}
   (You found it on level 4 of the Dungeon)

   It insulates you from electricity.
 B - a +0 chain mail (worn)
Jewellery
 e - a ring of flight (left hand)
 F - a ring of poison resistance (right hand)
Wands
 m - a wand of paralysis (0/24)
 w - a wand of polymorph (0/24)
 A - a wand of slowing (16/48)
Scrolls
 i - 2 scrolls of remove curse
 j - 4 scrolls of identify {unknown}
 q - a scroll of fog {unknown}
 t - a scroll of enchant armour {unknown}
 D - a scroll of amnesia {unknown}
 E - a scroll of random uselessness {unknown}
Potions
 g - a potion of mutation {unknown}
 h - 4 potions of invisibility
 k - a potion of resistance {unknown}
 n - a potion of lignification {unknown}
 r - a potion of magic {unknown}
 s - a potion of brilliance {unknown}
 v - a potion of degeneration {unknown}
 x - a potion of heal wounds {unknown}
 C - a potion of might {unknown}
Comestibles
 f - 4 bread rations
 l - a royal jelly
 o - 3 beef jerkies
 p - 2 meat rations
 u - a slice of pizza


   Skills:
 + Level 5.8 Fighting
 + Level 8.7 Bows
 + Level 3.3 Armour
 - Level 1.3 Dodging
 - Level 0.4 Stealth


You had 6 spell levels left.
You didn't know any spells.

Dungeon Overview and Level Annotations

Branches:
Dungeon (6/15)
 Temple: D:4-7

Altars:
Elyvilon
Makhleb
Trog
Yredelemnul


Innate Abilities, Weirdness & Mutations

You have hooves in place of feet.
Armour fits poorly on your strangely shaped body.
You cover ground very quickly.
You have extremely tough skin. (AC +3)


Message History

Aim: a hornet (moderately wounded, chance to defeat MR: 37%)
The hornet easily resists.
Evoking this partially-identified wand wasted a few charges.
The hornet barely misses you.
Unknown command.
It was a potion of invisibility.
You fade into invisibility!
The hornet stings you.
* * * LOW HITPOINT WARNING * * *
You are lethally poisoned!
The hornet barely misses you.
You are very lightly contaminated with residual magic.
Okay, then.
You are feeling hungry.
* * * LOW HITPOINT WARNING * * *
You feel sick.
It was a potion of cure mutation.
It has a very clean taste.
* * * LOW HITPOINT WARNING * * *
You feel sick. The hornet stings you.
You die...

#....####...####
#..........##
########.........##
#........#####...#
######..## ##..# ##
##.## #..## #. #..##
##..# ##. ##y..## #..#
#.. ##@....## #..###.#
#..##...#####.....#
##.####....###....##
##.## ###....#....#♣
##.## ##.......)#♣
#.## ##.......#♣
#.#### ##......#♣
#....#########......#♣
##..................##


You could see a hornet.

Vanquished Creatures
  Menkaure (D:5)
  Duvessa (D:4)
  An ice beast (D:5)
  A phantom (D:5)
  A scorpion (D:5)
  Dowan (D:4)
  A crimson imp (D:5)
  A jelly (D:5)
  A quasit (D:6)
  2 worker ants
  A hound skeleton (D:5)
  A worker ant zombie (D:5)
  7 adders
  7 gnolls
  A howler monkey skeleton (D:4)
  A shadow imp (D:5)
  An adder skeleton (D:5)
  2 worms
  A dart slug (D:4)
  5 leopard geckos
  8 orcs
  A ball python (D:1)
  4 giant cockroaches
  5 goblins
  10 hobgoblins
  5 quokkas
  8 bats
  3 frilled lizards
  8 kobolds
  8 rats
98 creatures vanquished.

Notes
Turn   | Place    | Note
-------+----------+-------------------------------------------
     0 | D:1      | Morrissey the Centaur Hunter began the quest for the Orb.
     0 | D:1      | Reached XP level 1. HP: 17/17 MP: 1/1
   126 | D:1      | Reached XP level 2. HP: 25/25 MP: 2/2
   654 | D:2      | Reached XP level 3. HP: 31/31 MP: 3/3
   705 | D:2      | Found a burning altar of Makhleb.
   782 | D:2      | Reached skill level 6 in Bows
   944 | D:2      | Found a bloodstained altar of Trog.
  1004 | D:2      | Became a worshipper of Trog the Wrathful
  1091 | D:2      | Reached XP level 4. HP: 26/38 MP: 4/4
  1351 | D:3      | Found a faded altar of an unknown god.
  1503 | D:3      | Reached skill level 1 in Armour
  1506 | D:3      | Reached XP level 5. HP: 41/46 MP: 5/5
  1737 | D:4      | Got a bloodstained cloak
  1743 | D:4      | Identified the +1 cloak "Xusiel" {rElec} (You found it on level 4 of the Dungeon)
  1764 | D:4      | Noticed Dowan
  1766 | D:4      | Noticed Duvessa
  1781 | D:4      | Killed Dowan
  1876 | D:4      | Killed Duvessa
  1876 | D:4      | Reached skill level 7 in Bows
  1876 | D:4      | Reached XP level 6. HP: 30/53 MP: 6/6
  1998 | D:4      | Reached * piety under Trog
  2607 | D:5      | Entered Level 5 of the Dungeon
  2607 | D:5      | Noticed an ice beast
  2852 | D:5      | Found a white marble altar of Elyvilon.
  3089 | D:5      | Reached skill level 5 in Fighting
  3089 | D:5      | Reached XP level 7. HP: 61/61 MP: 7/7
  3149 | D:5      | Noticed Menkaure
  3159 | D:5      | Killed Menkaure
  3159 | D:5      | Reached skill level 8 in Bows
  3788 | D:5      | Found a white marble altar of Elyvilon.
  3966 | D:5      | Found a basalt altar of Yredelemnul.
  4070 | D:6      | Noticed a hornet
  4108 | D:5      | Paralysed by a hornet for 2 turns
  4112 | D:5      | HP: 3/62 [hornet (6)]
  4114 | D:5      | HP: 1/62 [poisoned by a hornet]
  4114 | D:5      | Slain by a hornet

Skill      XL: |  1  2  3  4  5  6  7 |
---------------+----------------------+-----
Fighting       | 3 4 5 |  5.8
Bows           | 6 7 8 |  8.7
Armour         | 1 2 3 |  3.3
Dodging        | |  1.3
Stealth        | |  0.4

Action                   |  1- 3 |  4- 6 |  7- 9 || total
-------------------------+-------+-------+-------++-------
Melee: Spear             |       |       |     8 ||     8
       Kick              |       |       |     5 ||     5
 Fire: Shortbow          |   120 |   184 |   114 ||   418
Evoke: Wand              |       |     1 |     5 ||     6
  Use: Scroll            |       |     1 |       ||     1
       Potion            |       |       |     2 ||     2
 Stab: Paralysed         |       |       |     8 ||     8
  Eat: Chunk             |       |     4 |     2 ||     6
Armor: Leather armour    |     2 |       |       ||     2
       Scale mail        |    17 |    10 |       ||    27
       Chain mail        |       |    14 |    55 ||    69
Dodge: Dodged            |    16 |    17 |    20 ||    53
